 Dungeon Crawl Stone Soup version 0.18.1-47-g9310371 (webtiles) character file.

46 Gargoyl the Skirmisher (level 3, 0/29 HPs)
             Began as a Demonspawn Abyssal Knight on June 23, 2016.
             Was a Follower of Lugonu.
             Slain by an adder (2 damage)
             ... on level 2 of the Dungeon.
             The game lasted 00:02:32 (1405 turns).

Gargoyl the Skirmisher (Demonspawn Abyssal Knight)  Turns: 1405, Time: 00:02:32

Health: 0/29       AC:  5    Str: 13    XL:     3   Next: 46%
Magic:  4/4        EV: 15    Int: 13    God:    Lugonu [*.....]
Gold:   102        SH:  0    Dex: 17    Spells: 0 memorised, 2 levels left

rFire  . . .     SeeInvis .     a - +1 hand axe
rCold  . . .     Gourm    .     e - +0 ring mail
rNeg   . . .     Faith    +     (no shield)
rPois  .         Spirit   .     (no helmet)
rElec  .         Dismiss  .     (no cloak)
rCorr  .         Reflect  .     (no gloves)
SustAt +         Harm     .     (no boots)
MR     .....                    m - amulet of faith
Stlth  ++........               (no ring)
                                f - ring of sustain attributes

@: agile, lethally poisoned (0 -> -9), very slightly contaminated, hasted, very
quick, not resistant to hostile enchantments, unstealthy
A: demonic guardian 1
a: Depart the Abyss, Renounce Religion


You were on level 2 of the Dungeon.
You worshipped Lugonu.
Lugonu was aware of your devotion.
You were hungry.

You visited 1 branch of the dungeon, and saw 2 of its levels.
You visited the Abyss 1 time.

You collected 102 gold pieces.

Inventory:

Hand Weapons
 a - a +1 hand axe (weapon)
Armour
 e - a +0 ring mail (worn)
Jewellery
 f - a ring of sustain attributes (left hand)
 m - an amulet of faith (around neck)
Scrolls
 b - a scroll of random uselessness {unknown}
 d - a scroll of identify {unknown}
 i - a scroll of enchant weapon {unknown}
 j - 2 scrolls of recharging {unknown}
 k - 2 scrolls of fog {unknown}
 l - a scroll of remove curse {unknown}
Comestibles
 c - 3 bread rations
 g - 7 fruits


   Skills:
 + Level 3.5 Fighting
 + Level 2.2 Axes
 * Level 2.5 Armour
 + Level 1.0 Dodging
 + Level 0.2 Stealth
 + Level 2.5 Invocations


You had 2 spell levels left.
You didn't know any spells.

Dungeon Overview and Level Annotations

Branches:
Dungeon (2/15)

Altars:


Innate Abilities, Weirdness & Mutations

A weak demonic guardian rushes to your aid.


Message History

* * * LOW HITPOINT WARNING * * *
You feel sick.
The adder bites you but does no damage. x2
Drink which item? (? for menu, Esc to quit)
It was a potion of agility.
You feel agile all of a sudden.
* * * LOW HITPOINT WARNING * * *
You feel sick. The adder barely misses you.
Drink which item? (? for menu, Esc to quit)
It was a potion of haste.
You feel yourself speed up.
* * * LOW HITPOINT WARNING * * *
You feel sick. The adder barely misses you. The adder misses you.
You are very lightly contaminated with residual magic.
You hit the adder but do no damage.
The adder is almost dead.
* * * LOW HITPOINT WARNING * * *
You feel sick.
You hit the adder but do no damage.
The adder is almost dead.
The adder bites you but does no damage. The adder bites you.
You die...

#..#.# #.=#.#
.....# #....#
#####....#
#.......
#.####.#.#S#
..........@#
#.#####.####
##.##
#.####...###.#
#.....<#.....#
######...#####
##.## #.# #.#


You could see an adder.

Vanquished Creatures
  A gnoll (D:1)
  3 dart slugs (D:1)
  A giant gecko (D:1)
  2 bats (D:1)
  2 goblins (D:1)
  6 hobgoblins (D:1)
  3 jackals (D:1)
  4 kobolds (D:1)
  A ball python (D:1)
  2 giant newts (D:1)
  5 rats
30 creatures vanquished.

Notes
Turn   | Place    | Note
--------------------------------------------------------------
     0 | Abyss:1  | Gargoyl the Demonspawn Abyssal Knight began the quest for the Orb.
     0 | Abyss:1  | Reached XP level 1. HP: 18/18 MP: 2/2
    27 | Abyss:1  | Found a corrupted altar of Lugonu.
    99 | Abyss:1  | Noticed a chaos spawn
   114 | Abyss:1  | Noticed a large abomination
   132 | Abyss:1  | Noticed a guardian serpent
   137 | D:1      | Escaped the Abyss
   204 | D:1      | Reached skill level 1 in Dodging
   226 | D:1      | Reached * piety under Lugonu
   235 | D:1      | Gained mutation: A weak demonic guardian rushes to your aid. [demonic ancestry]
   235 | D:1      | Reached XP level 2. HP: 21/24 MP: 3/3
   686 | D:1      | Reached XP level 3. HP: 16/29 MP: 4/4
  1405 | D:2      | Slain by an adder

Skill      XL: |  1  2 |
---------------+-------+-----
Dodging        | 1 |  1.0
Armour         | 2 |  2.5
Axes           | 2 |  2.2
Fighting       | |  3.5
Stealth        | |  0.2
Invocations    | |  2.5

Action                   || total
-------------------------++-------
Melee: Hand axe          ||    94
Invok: Depart the Abyss  ||     1
  Use: Potion            ||     2
  Eat: Chunk             ||     1
Armor: Ring mail         ||    30
Dodge: Dodged            ||    68
